 Dungeon Crawl Stone Soup version 0.32-a0-332-g4264278 (webtiles) character file.

Game seed: 10750833293170999012

177 syon the Covered (level 5, -9/5 HPs)
             Began as a Demigod Fighter on Feb 16, 2024.
             Killed by divine providence
             ... invoked by an orc priest
              (14 damage)
             ... on level 4 of the Dungeon.
             The game lasted 00:07:16 (2219 turns).

syon the Covered (Demigod Fighter)                  Turns: 2219, Time: 00:07:17

Health: -9/5       AC:  2    Str: 26    XL:     5   Next: 9%
Magic:  7/7        EV:  9    Int: 10    God:
Gold:   259        SH:  0    Dex: 13    Spells: 4/4 levels left

rFire   . . .        a - melded +0 war axe
rCold   . . .        c - melded +0 buckler
rNeg    . . .        n - melded +0 plate armour
rPois   +            t - melded +0 helmet
rElec   .            (cloak currently unavailable)
rCorr   .            (gloves currently unavailable)
SInv    .            (boots currently unavailable)
Will    +....        (no amulet)
Stlth   +            m - ring of willpower
HPRegen 0.20/turn    (no ring)
MPRegen 0.10/turn

%: no passive effects
@: snake-form
A: constrict, reduced hp, large, high MP 1, forlorn, divine attributes
a: Begin Untransformation, Convert to Beogh


You were on level 4 of the Dungeon.
You were an enormous serpent.
You visited 1 branch of the dungeon, and saw 4 of its levels.

You collected 259 gold pieces.

Inventory:

Hand Weapons
 a - a +0 war axe (melded)
 r - a +0 executioner's axe
Missiles
 j - a throwing net (quivered) {!f}
Armour
 c - a +0 buckler (melded)
 n - a +0 plate armour (melded)
 t - a +0 helmet (melded)
Jewellery
 m - a ring of willpower (left hand)
Talismans
 s - a serpent talisman (active)
Wands
 o - a wand of charming (11)
Scrolls
 e - 3 scrolls of identify {unknown}
 f - a scroll of torment {unknown}
 g - a scroll of vulnerability {unknown}
 i - 2 scrolls of brand weapon {unknown}
 k - a scroll of enchant weapon {unknown}
 l - a scroll of teleportation {unknown}
 q - a scroll of enchant armour {unknown}
Potions
 b - 3 potions of invisibility {unknown}
 d - a potion of might {!q}
 h - a potion of resistance {unknown}
 p - a potion of heal wounds {unknown}


   Skills:
 + Level 3.5 Fighting
 + Level 2.8 Axes
 + Level 3.6 Armour
 + Level 3.6 Shields


You had 4 spell levels left.
You didn't know any spells.
Your spell library contained the following spells:

 Spells                   Type           Power      Damage    Failure   Level
 Kiss of Death            Conj/Necr      0%         2d5       36%         1
 Slow                     Hex            0%         N/A       36%         1
 Mercury Vapours          Alch/Air       0%         N/A       50%         2
 Confusing Touch          Hex            0%         N/A       75%         3
 Mephitic Cloud           Conj/Alch/Air  0%         N/A       75%         3
 Sigil of Binding         Hex            0%         N/A       75%         3
 Vampiric Draining        Necr           0%         2d6       75%         3
 Dispel Undead            Necr           0%         3d6       98%         4
 Leda's Liquefaction      Alch/Erth      0%         N/A       98%         4
 Summon Blazeheart Golem  Fire/Summ      0%         N/A       98%         4
 Freezing Cloud           Conj/Ice/Air   0%         6-21      100%        5
 Lee's Rapid Deconstruct  Erth           0%         3d4*      100%        5
 Bombard                  Conj/Erth      0%         9d1       100%        6
 Orb of Destruction       Conj           0%         9d5       100%        7
 Spellforged Servitor     Conj/Summ      0%         N/A       100%        7


Dungeon Overview and Level Annotations

Branches:
Dungeon (4/15)
 Temple: D:4-7


Innate Abilities, Weirdness & Mutations

You are an enormous serpent.
You have a powerful constriction melee attack.
Your maximum health is decreased, since you lack skill for your form.
Your armour is entirely melded.
You are incapable of wielding weapons or throwing items.
You have an increased reservoir of magic. (+10% MP)
You shall have no god before yourself.
Your divine heritage dramatically boosts your attributes as you level up.


Message History

You can't wield that with only one hand.
You are now empty-handed.
You can't wield that with only one hand.
a - a +0 war axe (weapon)
Search for what [Enter for "."]? .
You see here a serpent talisman.
s - a serpent talisman Search for what [Enter for "."]? .
You see here a +0 short sword.
You see here a +0 helmet.
t - a +0 helmet You start putting on your armour.
You continue putting on your +0 helmet. x4
You finish putting on your +0 helmet.
You begin transforming.
You continue transforming. x3
You turn into an enormous serpent.
Your +0 war axe melds into your body.
Your +0 helmet melds into your body.
Your +0 buckler melds into your body.
Your +0 plate armour melds into your body.
Taken [40] Damage!
You left [5]HP Done exploring.
Done exploring.
Done exploring.
Done exploring.
Things that are here:
a +0 dagger; a goblin skeleton You see here a frilled lizard skeleton.
There is an escape hatch in the floor here.
There is a stone staircase leading down here.
You climb downwards.
The orc priest shouts! x2; You hear a shout!
You hear an angry hiss.
You hear a shout!
Found 4 gold pieces.
There is a stone staircase leading up here.
Found 3 stones and 15 gold pieces.
A ball python comes into view. 3 orcs come into view.
The orc shouts! x2
The orc priest invokes the aid of Beogh against you.
Beogh smites you!
Ouch! That really hurt!
You die...

# ####...
########.....#
.......<.#
...####..####.#
..$.(..S......#
......#.......#
.......o..###.#
...##.#..... .
## #.#...o.# #
.S..$...
..o.....#
..o..o...


You could see 2 orc priests, 3 orcs and a ball python.

Vanquished Creatures
  Jessica (D:1)
  2 adders
  2 dart slugs
  4 ribbon worms
  9 endoplasms
  2 giant cockroaches
  6 goblins
  5 hobgoblins
  4 jackals
  5 kobolds
  5 quokkas
  7 ball pythons
  3 bats
  5 frilled lizards
  7 rats
67 creatures vanquished.

Notes
Turn   | Place    | Note
-------+----------+-------------------------------------------
     0 | D:1      | syon the Demigod Fighter began the quest for the Orb.
     0 | D:1      | Reached XP level 1. HP: 18/18 MP: 3/3
   158 | D:1      | Reached XP level 2. HP: 25/25 MP: 4/4
   527 | D:1      | Reached XP level 3. HP: 31/31 MP: 5/5
   536 | D:2      | Noticed Jessica
   545 | D:1      | Killed Jessica
   785 | D:2      | Reached XP level 4. HP: 38/38 MP: 6/6
  1758 | D:3      | Reached XP level 5. HP: 44/45 MP: 7/7
  2219 | D:4      | Killed from afar by an orc priest

Illustrated notes

Levels and vault maps discovered:
D:1:      dpeg_arrival_lava_temple_mockup, layout_basic,
          shapermc_ecumenical_altar_acropolis, chequers_serial_rivers_micro_b,
          minmay_hexomino_f4
D:2:      layout_basic, uniq_jessica
D:3:      minmay_spotlight, layout_rooms
D:4:      layout_loops_ring, minmay_checkerbox

Skill      XL: |  1  2 |
---------------+-------+-----
Axes           | 2 |  2.8
Shields        | 3 |  3.6
Armour         | 3 |  3.6
Fighting       | 3 |  3.5

Action                     |  1- 3 |  4- 6 || total
---------------------------+-------+-------++-------
  Melee: War axe           |    78 |   103 ||   181
 Armour: Scale mail        |    46 |    13 ||    59
         Plate armour      |       |    61 ||    61
  Dodge: Dodged            |    41 |    34 ||    75
  Block: Buckler           |    23 |    22 ||    45
   Form: Serpent           |       |     1 ||     1

Table legend: (Time is in decaauts)
 A = Elapsed time spent in this place.
 B = Non-inter-level travel time spent in this place.
 C = Inter-level travel time spent in this place.
 D = Time resting spent in this place.
 E = Time spent auto-exploring this place.
 F = Levels seen in this place.
 G = Mean time per level.
                   A        B        C        D        E       F      G
               +--------+--------+--------+--------+--------+-----+--------+
         Total |   2294 |   2234 |     60 |      0 |   1545 |   4 |  573.5 |
       Dungeon |   2294 |   2234 |     60 |      0 |   1545 |   4 |  573.5 |
               +--------+--------+--------+--------+--------+-----+--------+

Top non-repeatable levels by time:
     D:2: 946 daAuts
     D:3: 741 daAuts
     D:1: 604 daAuts
     D:4: 1 daAuts
